Map: Orbital Shipyard

Players

Zerg

  • Race: Zerg Zerg
  • League: Diamond

LilDicky - Winner!

  • Race: Terran Terran
  • League: Diamond

VOD

http://www.twitch.tv/tumescentpie

Description

Time

  • Played on: Nov. 29, 2015, 1:44 p.m.
  • Length: 12:37
Show
View Real Time Build Order
Export as new Build Order

Zerg Zerg 

Build Orders: Hatch First 

Get SALT Encoding   

  12  0:01  Drone  
  13  0:08  Drone  
  14  0:23  Overlord  
  14  0:34  Drone, Extractor  
  14  0:37  Extractor  
  14  0:38  Drone  
  16  0:52  Hatchery  
  15  0:58  Drone  
  15  0:59  Drone  
  15  1:02  Drone  
  18  1:15  Extractor  
  17  1:20  Spawning Pool  
  17  1:21  Drone  
  17  1:25  Drone  
  18  1:33  Drone  
  19  1:41  Drone  
  20  1:52  Overlord  
  20  2:07  Queen x2  
  24  2:08  Zergling x2  
  24  2:09  Zergling x2  
  26  2:16  Metabolic Boost  
  26  2:17  Drone x2  
  28  2:24  Drone  
  28  2:29  Drone  
  30  2:35  Drone  
  31  2:39  Roach Warren  
  31  2:43  Drone, Extractor  
  30  3:00  Overlord  
  30  3:01  Drone x3  
  34  3:13  Drone x2  
  34  3:17  Extractor  
  35  3:22  Hatchery  
  35  3:25  Roach x2  
  38  3:28  Roach  
  38  3:29  Roach  
  38  3:32  Overlord  
  42  3:36  Drone  
  42  3:38  Drone  
  44  3:50  Overlord  
  44  3:55  Drone x4  
  47  3:58  Drone x3  
  47  4:01  Extractor  
  50  4:03  Drone  
  50  4:06  Drone  
  50  4:07  Overlord  
  52  4:11  Overlord  
  52  4:14  Drone  
  53  4:22  Drone x2  
  53  4:25  Lair  
  53  4:30  Drone x3  
  53  4:31  Drone, Extractor  
  56  4:35  Ravager x3  
  56  4:38  Drone x2  
  61  4:40  Drone  
  61  4:43  Drone x2  
  61  4:44  Drone  
  65  4:47  Drone  
  65  4:49  Ravager  
  67  4:54  Overlord  
  67  4:59  Drone x2  
  70  5:00  Drone x4  
  70  5:04  Extractor x2  
  70  5:06  Queen  
  73  5:07  Drone  
  73  5:11  Zergling x4  
  76  5:16  Overlord  
  76  5:24  Drone, Spire  
  76  5:25  Drone x4  
  80  5:37  Overseer  
  80  5:39  Drone x3  
  80  5:40  Drone x2  
  85  5:44  Drone x2  
  85  5:47  Overlord  
  87  5:54  Pneumatized Carapace  
  87  5:58  Glial Reconstitution  
  87  5:59  Hatchery, Roach  
  87  6:00  Roach x3  
  94  6:12  Evolution Chamber x2  
  92  6:19  Extractor  
  92  6:21  Overlord x2  
  92  6:22  Overlord  
  91  6:36  Zerg Flyer Weapons Level 1, Mutalisk x3  
  91  6:37  Mutalisk x4  
  91  6:39  Overlord x2  
  105  6:45  Infestation Pit  
  104  6:48  Hydralisk Den  
  104  6:53  Overseer  
  103  6:58  Mutalisk x3  
  109  7:02  Drone x9  
  109  7:03  Drone x2  
  109  7:04  Overlord  
  120  7:18  Drone x3  
  120  7:22  Hive  
  123  7:24  Muscular Augments  
  123  7:26  Zerg Missile Weapons Level 1  
  123  7:32  Zerg Ground Armor Level 1  
  123  7:33  Zergling x8  
  123  7:34  Zergling x2  
  123  7:35  Drone  
  129  7:38  Hatchery, Extractor  
  127  7:50  Roach  
  127  7:51  Roach x3  
  135  7:54  Hydralisk x5  
  135  7:56  Overlord  
  135  7:57  Overlord  
  135  7:58  Overlord  
  145  8:04  Drone  
  145  8:05  Drone x2  
  148  8:08  Spore Crawler  
  148  8:09  Spine Crawler  
  148  8:11  Queen  
  148  8:13  Spine Crawler  
  147  8:23  Overlord  
  147  8:26  Hydralisk  
  147  8:27  Hydralisk x6  
  147  8:28  Hydralisk  
  147  8:30  Drone  
  147  8:31  Drone x2  
  166  8:36  Adrenal Glands  
  145  9:01  Hydralisk x2  
  145  9:02  Hydralisk x8  
  128  9:03  Hydralisk  
  128  9:08  Roach  
  128  9:09  Roach x4  
  150  9:16  Zergling x4  
  150  9:17  Zergling x10  
  154  9:20  Ultralisk Cavern  
  154  9:23  Evolution Chamber  
  138  9:50  Burrow  
  114  9:54  Mutalisk x3  
  114  9:55  Mutalisk x5  
  114  9:57  Drone x3  
  114  9:59  Extractor  
  106  10:01  Extractor  
  105  10:07  Mutalisk x2  
  105  10:11  Zergling x10  
  105  10:12  Zergling x4  
  105  10:14  Hatchery, Zerg Melee Weapons Level 1  
  115  10:25  Mutalisk x2  
  118  10:39  Mutalisk, Zerg Flyer Armor Level 1  
  118  10:41  Zergling x8  
  118  10:42  Zergling x14  
  130  10:45  Zergling x4  
  130  10:46  Zergling x4  
  134  10:57  Mutalisk x2  
  134  10:58  Mutalisk x2  
  142  11:08  Zergling x6  
  142  11:09  Zergling x10  
  142  11:10  Drone  
  151  11:13  Overlord x2  
  151  11:14  Overlord  
  151  11:15  Overlord  
  151  11:16  Extractor  
  150  11:19  Extractor  
  150  11:20  Mutalisk x4  
  150  11:25  Zergling x6  
  160  11:32  Drone x3  
  163  11:33  Queen  
  163  11:38  Mutalisk  
  163  11:39  Roach x3  
  113  12:05  Zergling x2  
  113  12:06  Zergling x16  
  113  12:07  Zergling x16  
Show
View Real Time Build Order
Export as new Build Order

LilDicky Terran - Winner!

Build Orders: Liberator Opening, Bio Tank, MMM Bio 

Get SALT Encoding   

  12  0:01  SCV  
  13  0:13  SCV  
  14  0:18  Supply Depot  
  14  0:27  SCV, Refinery  
  15  0:40  SCV  
  16  0:50  Barracks  
  16  0:54  SCV  
  17  1:06  SCV  
  18  1:18  SCV  
  19  1:31  SCV  
  20  1:38  Reaper  
  21  1:43  Orbital Command  
  21  1:50  Command Center  
  21  2:01  Factory  
  21  2:07  Supply Depot  
  21  2:16  Barracks Tech Lab  
  21  2:19  SCV  
  22  2:25  Refinery  
  22  2:31  SCV  
  23  3:01  Starport  
  23  3:02  SCV  
  23  3:03  Orbital Command  
  24  3:14  SCV  
  24  3:18  Marine  
  24  3:19  Siege Tank  
  29  3:26  SCV  
  30  3:27  Command Center  
  30  3:29  SCV, Liberator  
  30  3:33  Refinery  
  31  3:34  Refinery  
  31  3:36  Marine  
  31  3:38  SCV  
  33  3:42  SCV  
  37  3:56  SCV  
  37  4:01  SCV  
  38  4:07  Barracks Tech Lab  
  38  4:09  SCV  
  39  4:10  Siege Tank  
  39  4:13  SCV  
  43  4:21  SCV  
  44  4:25  SCV  
  44  4:29  Marine  
  46  4:31  Starport Reactor  
  46  4:39  SCV x2  
  46  4:41  Barracks  
  46  4:42  Barracks, Orbital Command  
  48  4:46  Engineering Bay  
  48  4:51  SCV x2  
  50  4:58  Siege Tank  
  53  5:03  SCV x2  
  55  5:09  Stimpack, Marine  
  55  5:13  SCV  
  57  5:15  SCV  
  57  5:17  Orbital Command  
  57  5:18  SCV  
  59  5:27  Marine  
  60  5:29  Terran Infantry Weapons Level 1  
  60  5:30  Barracks Reactor, Barracks Tech Lab  
  60  5:33  SCV  
  61  5:44  Supply Depot  
  61  5:48  Liberator  
  61  5:55  Liberator  
  61  6:04  Combat Shields  
  61  6:05  SCV x2, Marine x2  
  61  6:08  Marine  
  61  6:09  Engineering Bay  
  69  6:12  Marine  
  69  6:13  Supply Depot  
  69  6:15  SCV  
  69  6:17  SCV  
  75  6:23  Supply Depot, Marine x2  
  77  6:26  Armory  
  77  6:27  Missile Turret  
  77  6:34  Marine  
  77  6:35  SCV, Siege Tank, Marine  
  83  6:40  Missile Turret  
  83  6:41  Marine x2  
  83  6:43  Missile Turret  
  83  6:44  Missile Turret  
  83  6:45  Missile Turret  
  85  6:47  Missile Turret  
  85  6:56  SCV  
  85  6:57  Missile Turret  
  85  6:59  Marauder  
  85  7:00  Marine x2  
  90  7:02  Missile Turret  
  90  7:03  Liberator  
  90  7:05  SCV x2, Missile Turret  
  90  7:08  SCV, Missile Turret  
  92  7:09  Missile Turret  
  92  7:15  Supply Depot  
  93  7:17  SCV x2  
  93  7:18  Siege Tank  
  93  7:19  Liberator  
  101  7:36  Marine x2  
  101  7:37  SCV, Marauder  
  109  7:39  Supply Depot, Concussive Shells  
  109  7:47  Barracks x2  
  109  7:55  Terran Infantry Armor Level 1  
  109  7:58  Terran Infantry Weapons Level 2  
  109  8:00  Marine  
  109  8:01  SCV x3, Marauder x2  
  109  8:02  Supply Depot  
  109  8:04  Supply Depot  
  117  8:06  Liberator  
  117  8:08  Liberator  
  117  8:19  Supply Depot  
  117  8:23  Marine x2  
  117  8:24  SCV, Marauder  
  117  8:25  Siege Tank, Marine  
  132  8:36  Supply Depot  
  132  8:41  Marine x2  
  132  8:43  Missile Turret, Marine  
  132  8:44  Supply Depot  
  132  8:45  Marine  
  107  8:59  Marine  
  107  9:01  Marauder  
  104  9:03  Marauder  
  104  9:05  Marine  
  107  9:17  Marine  
  107  9:22  Marauder  
  110  9:33  Marine  
  110  9:34  Marauder  
  111  9:47  Liberator x2  
  96  9:55  Marine x2  
  96  9:56  Marauder x2  
  96  10:02  Siege Tank  
  96  10:06  Barracks Reactor x2  
  105  10:12  Command Center  
  105  10:13  Marine x2  
  105  10:14  Command Center  
  107  10:15  Terran Infantry Armor Level 2  
  107  10:16  Barracks  
  107  10:17  Marauder x2  
  111  10:31  Marine x2  
  113  10:39  Marauder x2  
  116  10:47  Marine, Medivac x2  
  116  10:48  Marine  
  116  10:49  Marine  
  123  10:53  Marine x3  
  126  11:00  Marauder, Marine  
  126  11:02  Supply Depot  
  126  11:03  Barracks x2  
  129  11:04  Barracks  
  129  11:05  Supply Depot  
  129  11:06  Marine  
  129  11:07  Marine  
  129  11:08  Liberator x2  
  131  11:18  Marauder  
  139  11:28  Siege Tank  
  142  11:47  Barracks Reactor  
  142  11:50  Missile Turret  
  142  11:53  Missile Turret  
  142  11:56  Missile Turret  
  142  11:57  Missile Turret  
  121  12:06  SCV x3  
  124  12:09  Marine x3  
  124  12:10  Marauder x2  
  128  12:18  SCV  
Tags
 
Add a new tag
Caveats
  • Supply blocks, unpowered buildings, or Contaminate may cause inaccurate times.
  • Supply counts are checked every 10 seconds.